 Dungeon Crawl Stone Soup version 0.31.0-32-g396128a36d (webtiles) character file.

Game seed: 16419468474176054296

155 Peloso the Slasher (level 5, -1/46 HPs)
             Began as a Minotaur Fighter on Apr 16, 2024.
             Slain by Ijyb
             ... wielding a +0 club
              (5 damage)
             ... on level 3 of the Dungeon.
             The game lasted 00:03:49 (2007 turns).

Peloso the Slasher (Minotaur Fighter)               Turns: 2007, Time: 00:03:50

Health: -1/46      AC:  0    Str: 21    XL:     5   Next: 14%
Magic:  4/4        EV: 13    Int:  5    God:
Gold:   168        SH:  0    Dex: 11    Spells: 4/4 levels left

rFire   . . .        a - melded +1 long sword
rCold   . . .        d - melded +0 buckler
rNeg    . . .        c - melded +1 scale mail {rPois}
rPois   .            (helmet currently unavailable)
rElec   .            (cloak currently unavailable)
rCorr   .            (gloves currently unavailable)
SInv    .            (boots currently unavailable)
Will    .....        (no amulet)
Stlth   +            (ring currently unavailable)
HPRegen 0.27/turn    (ring currently unavailable)
MPRegen 0.09/turn

%: no passive effects
@: mighty, pig-form (expiring), very quick
A: fast, no casting, small, (horns 2), (retaliatory headbutt)
a: no special abilities


You were on level 3 of the Dungeon.
You were a filthy swine.
You visited 1 branch of the dungeon, and saw 3 of its levels.

You collected 168 gold pieces.

Inventory:

Hand Weapons
 a - a +1 long sword (melded)
Armour
 b - a +0 scale mail
 c - a +1 scale mail of poison resistance (melded)
 d - a +0 buckler (melded)
Wands
 f - a wand of flame (13)
Scrolls
 g - a scroll of enchant weapon
 i - a scroll of vulnerability {unknown}
 l - a scroll of immolation {unknown}
 m - a scroll of teleportation
Potions
 e - a potion of curing
 h - 2 potions of enlightenment
 j - 2 potions of might
 k - a potion of brilliance {unknown}


   Skills:
 + Level 4.1 Fighting
 + Level 4.6 Long Blades
 + Level 4.4 Armour
 + Level 0.5 Dodging
 + Level 0.2 Stealth
 + Level 4.5 Shields


You had 4 spell levels left.
You didn't know any spells.
Your spell library contained the following spells:

 Spells                   Type           Power      Damage    Failure   Level
 Magic Dart               Conj           0%         1d3       47%         1
 Sting                    Conj/Alch      0%         1d3       47%         1
 Inner Flame              Hex/Fire       0%         N/A       85%         3
 Flame Wave               Conj/Fire      0%         2d4       99%         4
 Sticky Flame             Fire/Alch      0%         2d4       99%         4
 Freezing Cloud           Conj/Ice/Air   0%         6-21      100%        5
 Irradiate                Conj/Alch      0%         3d11      100%        5


Dungeon Overview and Level Annotations

Branches:
Dungeon (3/15)

Altars:

Annotations:
D:3 Ijyb


Innate Abilities, Weirdness & Mutations

You are a filthy swine.
You move quickly.
Your equipment is almost entirely melded.
You are incapable of wielding weapons or throwing items.
You cannot cast spells.
((You have a pair of horns on your head.))
((You reflexively headbutt those who attack you in melee.))


Message History

Ijyb is severely wounded.
Ijyb hits you with a +0 club.
You completely miss Ijyb.
Ijyb is severely wounded.
Ijyb hits you with a +0 club.
You hit Ijyb but do no damage.
Ijyb is severely wounded.
Ijyb barely misses you.
You closely miss Ijyb.
Ijyb is severely wounded.
Your transformation is almost over.
Ijyb closely misses you.
You miss Ijyb.
Ijyb is severely wounded.
Ijyb barely misses you.
You hit Ijyb but do no damage.
Ijyb is severely wounded.
Ijyb hits you with a +0 club.
You hit Ijyb but do no damage.
Ijyb is severely wounded.
Ijyb hits you with a +0 club.
* * * LOW HITPOINT WARNING * * *
You feel very mighty all of a sudden. Ijyb barely misses you.
You hit Ijyb.
Ijyb is severely wounded.
Ijyb misses you.
You hit Ijyb but do no damage.
Ijyb is severely wounded.
Ijyb barely misses you.
You closely miss Ijyb.
Ijyb is severely wounded.
You hit Ijyb.
Ijyb is almost dead.
Ijyb hits you with a +0 club!
* * * LOW HITPOINT WARNING * * *
You closely miss Ijyb.
Ijyb is almost dead.
Ijyb hits you with a +0 club.
You die...

#≈§...........#.#.#####....#..#
##≈.##.#......................#
#≈.##.##..##)#.#.#####....#..#
#≈.##.# ..##..............# .#
#..##.# .##.#.#.####...#.# #
...##.# ##.#.#.# #...#.#
#......# #...... ##.#.#.#
##..#.#. #h#.# #..#.#.. #g#.#
#..# # #.#.# ... ..#.. #####


You could see Ijyb.

Vanquished Creatures
  Terence (D:3)
  Natasha (twice) (D:3)
  2 adders (D:2)
  A gnoll (D:1)
  2 orcs (D:3)
  2 bats
  4 endoplasms
  4 giant cockroaches
  5 goblins
  6 hobgoblins
  5 jackals (D:3)
  A quokka (D:1)
  5 ball pythons
  3 frilled lizards (D:1)
  4 kobolds
  6 rats
53 creatures vanquished.

Notes
Turn   | Place    | Note
-------+----------+-------------------------------------------
     0 | D:1      | Peloso the Minotaur Fighter began the quest for the Orb.
     0 | D:1      | Reached XP level 1. HP: 19/19 MP: 0/0
   150 | D:1      | Reached XP level 2. HP: 27/27 MP: 1/1
   625 | D:1      | Reached XP level 3. HP: 33/33 MP: 2/2
  1166 | D:2      | Found a faded altar of an unknown god.
  1582 | D:3      | Noticed Terence
  1584 | D:3      | Reached XP level 4. HP: 40/40 MP: 3/3
  1600 | D:3      | Killed Terence
  1764 | D:3      | Noticed Natasha
  1781 | D:3      | Killed Natasha
  1881 | D:3      | Noticed Natasha
  1890 | D:3      | Killed Natasha
  1891 | D:3      | Reached XP level 5. HP: 46/46 MP: 4/4
  1898 | D:3      | Got the Atlas of Conjuration
  1974 | D:3      | Noticed Ijyb
  2007 | D:3      | Slain by Ijyb

Illustrated notes

Levels and vault maps discovered:
D:1:      minmay_arrival_stair_chambers, layout_basic
D:2:      layout_basic, hellmonk_ecumenical_altar_lost_god
D:3:      layout_basic, grunt_decor_junction, kennysheep_boxes, uniq_natasha,
          uniq_ijyb, uniq_crazy_yiuf_cottage, uniq_terence

Skill      XL: |  1  2  3  4 |
---------------+-------------+-----
Armour         | 4 |  4.4
Fighting       | 4 |  4.1
Long Blades    | 3 4 |  4.6
Shields        | 4 |  4.5
Dodging        | |  0.5
Stealth        | |  0.2

Action                     |  1- 3 |  4- 6 || total
---------------------------+-------+-------++-------
  Melee: Long sword        |    97 |    53 ||   150
         Headbutt          |    13 |     4 ||    17
         Unarmed           |       |    23 ||    23
    Use: Potion            |     5 |     1 ||     6
         Scroll            |     4 |       ||     4
 Armour: Scale mail        |    66 |    58 ||   124
         Skin              |       |    12 ||    12
  Dodge: Dodged            |    42 |    45 ||    87
  Block: Buckler           |    22 |    17 ||    39
